[Event "*** Titled Tuesday Blitz"]
[Site "Chess.com"]
[Date "2021.03.09"]
[Round "11"]
[White "barbara25"]
[Black "beautroll"]
[Result "0-1"]
[WhiteElo "2287"]
[BlackElo "2436"]
[TimeControl "180+1"]
[EndTime "12:08:40 PST"]
[Termination "beautroll won by resignation"]

1. e4 c5 2. Nf3 d6 3. d4 cxd4 4.
Nxd4 Nf6 5. Nc3 a6 6. f3 e5 7.
Nb3 Be6 8. Be3 h5 9. Qd2 Nbd7 10. O-O-O Be7 11. Kb1 Rc8 12. g3 b5 13. Bd3 Nb6 14. Bxb6 Qxb6 15. f4 b4 16. Nd5 Bxd5 17. exd5 e4 18.
Be2 O-O 19. h3 a5 20. g4 a4 21. Nc1 e3 22. Qd3 Nd7 23. gxh5 Bf6 24. h6 a3 25.
Rhg1 axb2 26. Nb3 Qa7 27. Rxg7+ Bxg7 28. hxg7 Rfe8 29. Bh5 Nf6 30. Be2 Ra8 31. Kxb2 Qxa2+ 32. Kc1 Rec8 33. h4 Rc3 34. Qf5 Qxb3 0-1

[Event "*** Titled Tuesday Blitz"]
[Site "Chess.com"]
[Date "2021.03.09"]
[Round "11"]
[White "ShcufNaiRolf"]
[Black "HrvojeZagreb"]
[Result "0-1"]
[WhiteElo "2346"]
[BlackElo "2278"]
[TimeControl "180+1"]
[EndTime "12:08:40 PST"]
[Termination "HrvojeZagreb won by checkmate"]

1. e4 e6 2. d4 d5 3. Nc3 dxe4 4. Nxe4 Nd7 5. Nf3 Ngf6 6. Bd3 Nxe4 7. Bxe4 Nf6 8. Bg5 Be7 9. Bxf6 Bxf6 10. Qe2 O-O 11. O-O-O c5 12. dxc5 Qa5 13. Qc4 b5 14. cxb6 Rb8 15.
Rd6 Ba6 16. Qb3 Qc5 17. Rhd1 Qxf2 18. Kb1 Be2 19. Rc1 Qc5 20. Rc6 Qb5 21. Qxb5 Bxb5 22. Rc5 Rxb6 23. b3 a5 24. Rd1 a4 25. Kc1 Be2 26.
Re1 Bxf3 27. Bxf3 axb3 28. axb3 Ra6 29. Re4 Ra1+ 30. Kd2 Rd8+ 31. Ke2 Rad1 32. Re3 R8d2# 0-1

[Event "*** Titled Tuesday Blitz"]
[Site "Chess.com"]
[Date "2021.03.09"]
[Round "11"]
[White "PopMilan95"]
[Black "kuli4ik"]
[Result "1-0"]
[WhiteElo "2673"]
[BlackElo "2893"]
[TimeControl "180+1"]
[EndTime "12:08:42 PST"]
[Termination "PopMilan95 won by resignation"]

1. e4 e6 2. d3 d5 3. Qe2 c5 4. Nf3 Nc6 5. g3 Nf6 6. Bg2 g6 7. Bg5 Be7 8. e5 Nd7 9. Bxe7 Qxe7 10. h4 h6 11. c3 b6 12. Na3 Ba6 13. c4 O-O-O 14.
Nb5 Bxb5 15. cxb5 Nd4 16. Nxd4 cxd4 17. O-O Kb8 18. a4 Qb4 19. Qf3 Rhf8 20. Qf4 h5 21.
Bxd5 Nc5 22. Bg2 a5 23. bxa6 Ka7 24. Rac1 Rd7 25. Rc4 Qxb2 26. a5 Nxd3 27. Qe4 Qb3 28. axb6+ Kxa6 29. Qc6 Nxe5 30. Ra1+ 1-0

[Event "*** Titled Tuesday Blitz"]
[Site "Chess.com"]
[Date "2021.03.09"]
[Round "11"]
[White "NateSolon"]
[Black "Arvids_Andrejevs"]
[Result "0-1"]
[WhiteElo "2589"]
[BlackElo "2456"]
[TimeControl "180+1"]
[EndTime "12:08:44 PST"]
[Termination "Arvids_Andrejevs won by resignation"]

1. d4 d5 2. c4 dxc4 3. e3 e6 4.
Nf3 Nf6 5. Bxc4 a6 6. O-O b5 7. Bd3 Bb7 8. a4 b4 9. Nbd2 c5 10. Qe2 Nc6 11. Nb3 cxd4 12. exd4 Nd5 13. Re1 Be7 14.
Bd2 O-O 15. Rac1 Qd6 16. Nc5 Rab8 17. Nxb7 Rxb7 18. Bxa6 Rb6 19. Bb5 Bf6 20. Qe4 Rd8 21. Ne5 Nce7 22. Nc4 Qb8 23. Nxb6 Qxb6 24. Rc4 Nf5 25.
Bxb4 Bxd4 26. Rc2 Nxb4 27. Rce2 h6 28. g3 Nd6 0-1

[Event "*** Titled Tuesday Blitz"]
[Site "Chess.com"]
[Date "2021.03.09"]
[Round "11"]
[White "KruHor"]
[Black "volkanyirik"]
[Result "1-0"]
[WhiteElo "2532"]
[BlackElo "2414"]
[TimeControl "180+1"]
[EndTime "12:08:44 PST"]
[Termination "KruHor won by resignation"]

1. e4 c5 2. Nf3 d6 3. d4 cxd4 4. Nxd4 Nf6 5. Nc3 e6 6. Qe2 Nc6 7. Nb3 Be7 8. Be3 a6 9. g4 O-O 10. g5 Nd7 11. h4 b5 12. a3 Nde5 13. h5 Nc4 14. g6 h6 15. Rg1 f6 16. O-O-O Qc7 17. Bxh6 gxh6 18. g7 Rf7 19. Qg4 N6e5 20. Qg3 f5 21. f4 Ng4 22. exf5 exf5 23. Nd5 Qa7 24. Bxc4 bxc4 25. Nd4 Rb8 26. Nc6 Qb7 27. Nxb8 Qxb8 28. Rge1 Qb7 29. Qc3 Nf6 30. Nxe7+ Rxe7 31. Qxf6 Rxg7 32. Re8+ Kh7 33. Qf8 1-0

[Event "*** Titled Tuesday Blitz"]
[Site "Chess.com"]
[Date "2021.03.09"]
[Round "11"]
[White "Gulkov_Igor"]
[Black "kakakz"]
[Result "1/2-1/2"]
[WhiteElo "2528"]
[BlackElo "2429"]
[TimeControl "180+1"]
[EndTime "12:08:46 PST"]
[Termination "Game drawn by repetition"]

1. Nf3 d6 2. d4 g6 3. c4 Bg7 4.
Nc3 Nd7 5. e4 e5 6. Be2 Ne7 7.
d5 a5 8. h4 h5 9. Ng5 Nc5 10.
Be3 f6 11. Nh3 Bh6 12. Bxh6 Rxh6 13. Qd2 Rh8 14. f3 Bd7 15. Nf2 Kf7 16. b3 Qf8 17. Rb1 Qh6 18. Qxh6 Rxh6 19. Kd2 g5 20. Nd3 Ng6 21.
hxg5 fxg5 22. Nxc5 dxc5 23. a3 h4 24. b4 axb4 25.
axb4 cxb4 26. Rxb4 Ra7 27. Rhb1 Nf4 28. Bf1 b6 29. c5 bxc5 30. Rb7 Rxb7 31. Rxb7 Ke7 32. Rxc7 Kd6 33. Ra7 Rh8 34. Ra6+ Kc7 35. Ra7+ Kd6 36. Ra6+ Kc7 37. Ra7+ Kd6 1/2-1/2

[Event "*** Titled Tuesday Blitz"]
[Site "Chess.com"]
[Date "2021.03.09"]
[Round "11"]
[White "SF-96"]
[Black "tandaleo"]
[Result "1-0"]
[WhiteElo "2551"]
[BlackElo "2367"]
[TimeControl "180+1"]
[EndTime "12:08:47 PST"]
[Termination "SF-96 won by resignation"]

1. e4 e5 2. Nf3 Nc6 3. Bb5 a6 4. Ba4 Nf6 5. O-O Be7 6. Re1 O-O 7. Bxc6 dxc6 8. Nxe5 Re8 9. Nc3 Bc5 10. Nf3 Ba7 11.
h3 h5 12. d3 Ng4 13. Rf1 Qf6 14. Bg5 Qg6 15. Qd2 Ne5 16. Nh4 Qe6 17. Kh2 f6 18. Be3 g5 19. Nf5 Kh7 20. Bxa7 Rxa7 21. f4 gxf4 22.
Qxf4 Qf7 23. Qh6+ Kg8 24. Ng3 Qg6 25. Qxg6+ Nxg6 26. Nxh5 Rf8 27. Nxf6+ Kh8 28. Nh5 Rg8 29.
Rf7 Be6 30. Rxc7 Raa8 31. Rf1 Raf8 32. Nf6 Rg7 33. Rxg7 Kxg7 34. Nh5+ Kg8 35. Rxf8+ Kxf8 36. Kg3 b5 37. Nf4 Nxf4 38. Kxf4 b4 39. Ne2 Bxa2 40. b3 Bb1 41. Nd4 c5 42. Ne6+ Ke7 43. Nxc5 Bxc2 44.
Nxa6 Bxb3 45. Nxb4 Bd1 46. d4 Be2 47. d5 1-0

[Event "*** Titled Tuesday Blitz"]
[Site "Chess.com"]
[Date "2021.03.09"]
[Round "11"]
[White "IANOV0007"]
[Black "GMBenjaminFinegold"]
[Result "0-1"]
[WhiteElo "2487"]
[BlackElo "2624"]
[TimeControl "180+1"]
[EndTime "12:08:48 PST"]
[Termination "GMBenjaminFinegold won by resignation"]

1. Nf3 Nf6 2. g3 d5 3. Bg2 c6 4. O-O Bg4 5. d3 Nbd7 6. Nbd2 e6 7. h3 Bxf3 8. Bxf3 Bc5 9. Bg2 Qc7 10. e3 O-O-O 11.
a3 h5 12. b4 Bd6 13. Nf3 Rdg8 14. Bb2 g5 15. Nd2 g4 16. h4 Rh6 17. c4 Ne5 18. Qe2 Rhg6 19. c5 Be7 20. Rfc1 Nfd7 21. Kf1 f5 22. d4 Nf3 23. Nxf3 gxf3 24. Qxf3 Nf6 25.
Qf4 Qd7 26. a4 Bd8 27. b5 Bc7 28. bxc6 Qxc6 29. Qf3 Bxg3 30. fxg3 Rxg3 31. Qf2 Qa6+ 0-1

[Event "*** Titled Tuesday Blitz"]
[Site "Chess.com"]
[Date "2021.03.09"]
[Round "11"]
[White "kai_nov"]
[Black "Gerodot71"]
[Result "1-0"]
[WhiteElo "2447"]
[BlackElo "2561"]
[TimeControl "180+1"]
[EndTime "12:08:48 PST"]
[Termination "kai_nov won by resignation"]

1. d4 Nf6 2. c4 e6 3. Nc3 Bb4 4.
f3 O-O 5. e4 Bxc3+ 6. bxc3 d5 7. e5 Nfd7 8. cxd5 exd5 9. Bd3 c5 10. Ne2 Nc6 11. O-O f6 12. f4 Nb6 13. Ba3 c4 14.
Bc2 Re8 15. Ng3 g6 16. f5 g5 17. Qh5 Bd7 18. e6 Kg7 19. Qf7+ Kh8 20. Nh5 Rg8 21.
e7 1-0

[Event "*** Titled Tuesday Blitz"]
[Site "Chess.com"]
[Date "2021.03.09"]
[Round "11"]
[White "attack2mateU"]
[Black "Konavets"]
[Result "0-1"]
[WhiteElo "2744"]
[BlackElo "2933"]
[TimeControl "180+1"]
[EndTime "12:08:51 PST"]
[Termination "Konavets won by resignation"]

1. e4 d6 2. d4 Nf6 3. Nc3 g6 4. Be3 Bg7 5. Qd2 c6 6. f3 Qa5 7. O-O-O b5 8. Kb1 Nbd7 9. Bh6 Bxh6 10. Qxh6 Nb6 11. Nce2 Be6 12. Nc1 Nc4 13. Bxc4 bxc4 14. c3 Rb8 15. Nge2 d5 16. e5 Bf5+ 17. Ka1 Nd7 18.
Rd2 Nb6 19. g4 Bd3 20. Nf4 Na4 21. Qg7 Rf8 22. Nfxd3 cxd3 23. Nxd3 Nxc3 24. bxc3 Qxc3+ 25. Rb2 Qxd4 26. Qh6 Kd7 27. Qf4 Qxd3 28. Rxb8 Rxb8 29. e6+ Kc8 30. Qe5 f6 0-1

[Event "*** Titled Tuesday Blitz"]
[Site "Chess.com"]
[Date "2021.03.09"]
[Round "11"]
[White "HackingKid98"]
[Black "kuba2006"]
[Result "1-0"]
[WhiteElo "2458"]
[BlackElo "2343"]
[TimeControl "180+1"]
[EndTime "12:08:52 PST"]
[Termination "HackingKid98 won on time"]

1. c4 Nf6 2. Nc3 d6 3. d4 Nbd7 4. Nf3 e5 5. g3 Be7 6. Bg2 O-O 7. O-O c6 8. e4 a6 9. a4 a5 10. h3 exd4 11. Nxd4 Nc5 12. Be3 Re8 13. Qc2 Bf8 14. Rad1 Nfd7 15. Kh2 Nb8 16. Nxc6 Nxc6 17. Bxc5 Be6 18. Nb5 dxc5 19. Rxd8 Rexd8 20. Rd1 Nb4 21. Qe2 Rxd1 22. Qxd1 Bxc4 23. e5 Re8 24. f4 b6 25.
Qd7 Re7 26. Qd8 Be6 27. Qxb6 Rd7 28. Nd6 c4 29. Qxa5 Nd3 30. Qb5 Rd8 31. a5 Bd7 32. Qb6 1-0

[Event "*** Titled Tuesday Blitz"]
[Site "Chess.com"]
[Date "2021.03.09"]
[Round "11"]
[White "NikolaGry"]
[Black "Beca95"]
[Result "0-1"]
[WhiteElo "2665"]
[BlackElo "2869"]
[TimeControl "180+1"]
[EndTime "12:08:55 PST"]
[Termination "Beca95 won by resignation"]

1. b3 e5 2. Bb2 d6 3. c4 f5 4. e3 Nf6 5. Nf3 g6 6. Nc3 Bg7 7. d3 O-O 8. g3 h6 9. Bg2 g5 10.
Qc2 Nc6 11. O-O-O a5 12. a3 Bd7 13. h4 g4 14. Nd2 Rb8 15. Nd5 Nxd5 16. Bxd5+ Kh8 17.
f4 gxf3 18. Bxf3 Ne7 19. d4 e4 20. Be2 d5 21. Rdf1 c6 22. Rhg1 Be6 23. g4 fxg4 24.
Bxg4 Qd7 25. Bxe6 Qxe6 26. Qc3 Rxf1+ 27. Nxf1 a4 28. c5 axb3 29. Qxb3 Qf6 30. Qd1 Qf2 31.
Qg4 Rg8 32. Qg2 Qxg2 33. Rxg2 Bf6 34. Rf2 Bxh4 35. Rf7 Rg1 36. Kc2 Kg8 37. Rf4 Rg2+ 38. Kb3 Bg5 0-1

[Event "*** Titled Tuesday Blitz"]
[Site "Chess.com"]
[Date "2021.03.09"]
[Round "11"]
[White "HouseOfDurin"]
[Black "schondeln"]
[Result "0-1"]
[WhiteElo "2173"]
[BlackElo "2404"]
[TimeControl "180+1"]
[EndTime "12:09:00 PST"]
[Termination "schondeln won on time"]

1. d4 d5 2. Bg5 h6 3. Bh4 c5 4. c3 cxd4 5. cxd4 Nc6 6. e3 Qb6 7. Qd2 Bf5 8. Nc3 e6 9. Bb5 Bb4 10. Nge2 Nf6 11. Bxf6 gxf6 12. g3 Rc8 13. O-O Qxb5 14.
Nxb5 Bxd2 15. Nd6+ Ke7 16. Nxc8+ Rxc8 17. a3 Ba5 18. b4 Bb6 19. Rfc1 Bd3 20. Nf4 Bc4 21. Rab1 Bc7 22. Ng2 b5 23. f3 f5 24. Kf2 Bd6 25. Ne1 a5 26. bxa5 Ra8 27. e4 fxe4 28. fxe4 dxe4 29.
Rxc4 bxc4 30. Rb7+ Kf8 31. Rb6 Rc8 32. a6 Bxa3 33.
Nc2 Be7 34. Ne3 Na7 35. Rb7 c3 36. Rxa7 c2 37. Nxc2 Rxc2+ 38. Ke3 Ra2 39. Kxe4 Bf6 0-1

[Event "*** Titled Tuesday Blitz"]
[Site "Chess.com"]
[Date "2021.03.09"]
[Round "11"]
[White "woodhy"]
[Black "poneis_malditos"]
[Result "1-0"]
[WhiteElo "2453"]
[BlackElo "2338"]
[TimeControl "180+1"]
[EndTime "12:09:02 PST"]
[Termination "woodhy won by resignation"]

1. e4 c5 2. Nf3 e6 3. d4 cxd4 4.
Nxd4 a6 5. c4 Nf6 6. Nc3 Qc7 7. a3 Nxe4 8. Nxe4 Qe5 9. Bd3 Qxd4 10. O-O f5 11. Be3 Qe5 12. Nc3 Nc6 13. Re1 Qc7 14. c5 Be7 15. Qh5+ g6 16. Qh6 Bf8 17. Qh4 Bg7 18. Bf4 Qd8 19. Bg5 Qc7 20. Nd5 Qa5 21.
b4 Qa4 22. Nb6 Qb3 23. Bc4 Qc3 24. Rac1 Qxa3 25. Nxa8 O-O 26. Nb6 Qxb4 27. Nxc8 Rxc8 28. Bf6 Rf8 29. Bxg7 Kxg7 30. Red1 Rf7 31. h3 Qb2 32. Rb1 Qc3 33. Rxb7 Ne5 34. Qd4 Qxd4 35. Rxd4 Kf6 36. f4 Nxc4 37. Rxc4 g5 38. fxg5+ Kxg5 39. c6 1-0

[Event "*** Titled Tuesday Blitz"]
[Site "Chess.com"]
[Date "2021.03.09"]
[Round "11"]
[White "Fortitudine"]
[Black "Magila31"]
[Result "0-1"]
[WhiteElo "2285"]
[BlackElo "2237"]
[TimeControl "180+1"]
[EndTime "12:09:02 PST"]
[Termination "Magila31 won on time"]

1. c4 Nf6 2. g3 g6 3. Nc3 Bg7 4.
e4 d6 5. d3 O-O 6. Bg2 c5 7.
Nge2 Nc6 8. O-O Bd7 9. h3 Rb8 10. Be3 a6 11. a4 e5 12. f4 Nd4 13. Nd5 Nxd5 14. exd5 b5 15. cxb5 axb5 16. a5 b4 17. fxe5 Bxe5 18. Nxd4 cxd4 19. Bf4 Ra8 20. a6 Bb5 21.
Bxe5 dxe5 22. d6 Rxa6 23. Rxa6 Bxa6 24. Re1 Qxd6 25. Qa4 Bxd3 26. Qa5 e4 27. Kh2 h5 28. b3 h4 29. Qg5 Qxg3+ 30. Qxg3 hxg3+ 31. Kxg3 f5 32. Kf4 Kg7 33. Rc1 Rf7 0-1

[Event "*** Titled Tuesday Blitz"]
[Site "Chess.com"]
[Date "2021.03.09"]
[Round "11"]
[White "djano"]
[Black "Mrlammy"]
[Result "1-0"]
[WhiteElo "2472"]
[BlackElo "2321"]
[TimeControl "180+1"]
[EndTime "12:09:09 PST"]
[Termination "djano won by checkmate"]

1. e4 e6 2. Qh5 Nf6 3. Qh4 d5 4.
e5 Nfd7 5. Qg3 c5 6. Nf3 Nc6 7. c3 Qb6 8. Bd3 h6 9. O-O d4 10. Na3 Qd8 11. Nc4 a6 12. Nd6+ Bxd6 13. Qxg7 Rf8 14.
exd6 Qf6 15. Qg3 e5 16. Re1 Qxd6 17. cxd4 cxd4 18. b4 Qxb4 19. Rb1 Qd6 20. Rb3 b5 21. Nxe5 Ncxe5 22. f4 Bb7 23. Ba3 Nc5 24. Rxe5+ Kd7 25.
Bxc5 Qc6 26. Be4 Qxe4 27. Rxe4 Bxe4 28. Bxf8 Rxf8 29. Qg7 Rc8 30. Qxd4+ Ke7 31. Qxe4+ Kf8 32. Qe5 Re8 33. Qd6+ Kg8 34. Rg3+ Kh7 35. Qf6 Re1+ 36. Kf2 Rf1+ 37. Kxf1 h5 38. Qg7# 1-0

[Event "*** Titled Tuesday Blitz"]
[Site "Chess.com"]
[Date "2021.03.09"]
[Round "11"]
[White "Sychev_Klementy"]
[Black "Bastiandash"]
[Result "1-0"]
[WhiteElo "2838"]
[BlackElo "2463"]
[TimeControl "180+1"]
[EndTime "12:09:10 PST"]
[Termination "Sychev_Klementy won on time"]

1. e4 c5 2. d4 cxd4 3. c3 Nf6 4. e5 Nd5 5. Nf3 e6 6. cxd4 d6 7. Bc4 Nc7 8. O-O Nc6 9. Nc3 a6 10. Re1 Be7 11. exd6 Qxd6 12. Ne4 Qd8 13. h4 b5 14. Bb3 Bb7 15. Bg5 O-O 16. Nc5 Bc8 17. Rc1 Na5 18. Bc2 h6 19. Qd3 f5 20. Bf4 Nd5 21. Be5 Nb4 22. Qe2 Nxc2 23. Rxc2 Nc6 24. Nxe6 Bxe6 25.
Rxc6 Bd5 26. Rc3 Bxh4 27. Nxh4 Qxh4 28. Bxg7 Rfe8 29. Be5 f4 30. Rc7 Re7 31. Rxe7 Qxe7 32. Rc1 f3 33. Qe3 Qg5 34. Qxg5+ hxg5 35. gxf3 Bxf3 36.
Rc7 g4 37. Kh2 Rd8 38. Kg3 Kf8 39. Ra7 Ke8 40. Kf4 Ra8 41. Rh7 1-0

[Event "*** Titled Tuesday Blitz"]
[Site "Chess.com"]
[Date "2021.03.09"]
[Round "11"]
[White "Manukyan_Artak"]
[Black "VladimirBugayev"]
[Result "1-0"]
[WhiteElo "2389"]
[BlackElo "2266"]
[TimeControl "180+1"]
[EndTime "12:09:12 PST"]
[Termination "Manukyan_Artak won on time"]

1. e4 c6 2. d4 d5 3. e5 Bf5 4.
c4 e6 5. Nc3 Bb4 6. Qb3 Bxc3+ 7. bxc3 Qb6 8. Ba3 dxc4 9. Bxc4 Ne7 10. Nf3 Qxb3 11. axb3 b5 12. Be2 a5 13. Kd2 Nd7 14.
Nh4 Be4 15. f3 Bg6 16. Bd6 Nb6 17. c4 bxc4 18. bxc4 Kd7 19. Kc3 Nf5 20. Nxf5 Bxf5 21. Ra2 Ra7 22. Rha1 a4 23. Bc5 Rb8 24. Bxb6 Rxb6 25.
Rxa4 Rab7 26. Bd1 Kc7 27. Ra7 Rb1 28. Rxb7+ Rxb7 29. Bc2 Bxc2 30. Kxc2 Kb8 31. Rb1 1-0

[Event "*** Titled Tuesday Blitz"]
[Site "Chess.com"]
[Date "2021.03.09"]
[Round "11"]
[White "Skatchkov_V"]
[Black "Gabrielian_Artur"]
[Result "0-1"]
[WhiteElo "2634"]
[BlackElo "2802"]
[TimeControl "180+1"]
[EndTime "12:09:14 PST"]
[Termination "Gabrielian_Artur won by resignation"]

1. d4 Nf6 2. c4 e6 3. Nf3 Bb4+ 4. Nbd2 c5 5. a3 Bxd2+ 6. Bxd2 b6 7. Bc3 O-O 8. g3 Bb7 9. Bg2 d6 10. O-O Nbd7 11. dxc5 Nxc5 12. b4 Nce4 13. Bb2 Rc8 14. Qb3 d5 15. cxd5 Bxd5 16. Qe3 Rc2 17. Be5 Bc4 18.
Rfd1 Qc8 19. Nd4 Rc3 20. Qf4 g5 21. Qxe4 Nxe4 22. Bxe4 f6 23. Nc6 Qxc6 24. Bxc6 fxe5 25. Rd2 b5 26. Be4 h6 27. a4 a5 28. axb5 axb4 29.
Ra7 Bxb5 30. Rb7 Rc5 31. Bh7+ Kh8 32. Bd3 Rc1+ 33. Kg2 Bc6+ 34. f3 Bxb7 35. Rb2 e4 0-1

[Event "*** Titled Tuesday Blitz"]
[Site "Chess.com"]
[Date "2021.03.09"]
[Round "11"]
[White "davigator"]
[Black "anon481216"]
[Result "0-1"]
[WhiteElo "2406"]
[BlackElo "2522"]
[TimeControl "180+1"]
[EndTime "12:09:15 PST"]
[Termination "anon481216 won by checkmate"]

1. e4 c5 2. Nf3 e6 3. d4 cxd4 4. Nxd4 Nc6 5. Nc3 Qc7 6. Be3 a6 7. f3 Nf6 8. Qd2 Be7 9. O-O-O b5 10. g4 Nxd4 11. Qxd4 Bb7 12. g5 Nh5 13. Rd2 Rc8 14. Be2 Bc5 15. Qxc5 Qxc5 16. Bxc5 Rxc5 17. h4 Nf4 18. Rhd1 Rc7 19. Bf1 h6 20. Ne2 Nxe2+ 21. Rxe2 hxg5 22. hxg5 Ke7 23. Rg2 Rh4 24. Bd3 Rf4 25.
Rg3 d5 26. Re1 dxe4 27. Bxe4 Bxe4 28. Rxe4 Rxe4 29. fxe4 Kd6 30. Kd2 Ke5 31. Kd3 Rd7+ 32. Ke3 Rd1 33. Rf3 f6 34. gxf6 gxf6 35. Ke2 Rb1 36. Rb3 Kxe4 37. Rb4+ Kd5 38. a4 Kc5 39. c3 bxa4 40. Kd3 a3 41. Rc4+ Kb5 42. Rb4+ Ka5 43. bxa3 Rxb4 44. axb4+ Kb5 45. Kd4 f5 46. Kd3 e5 47.
Kc2 Kc4 48. Kd2 f4 49. Kc2 e4 50. Kd2 e3+ 51. Ke2 Kxc3 52. Kf3 Kxb4 53. Kxf4 e2 54. Ke3 e1=Q+ 55. Kd4 a5 56. Kd3 a4 57. Kc2 a3 58. Kd3 Qc3+ 59. Ke2 a2 60. Kf2 a1=Q 61. Kg2 Qab2+ 62. Kf1 Qcc1# 0-1

[Event "*** Titled Tuesday Blitz"]
[Site "Chess.com"]
[Date "2021.03.09"]
[Round "11"]
[White "elcandado"]
[Black "profofchess"]
[Result "1-0"]
[WhiteElo "2654"]
[BlackElo "2493"]
[TimeControl "180+1"]
[EndTime "12:09:17 PST"]
[Termination "elcandado won by resignation"]

1. d4 Nf6 2. Bf4 c5 3. c3 b6 4. e3 Bb7 5. h3 e6 6. Nf3 Be7 7. Nbd2 O-O 8. Bd3 d6 9. Qe2 a6 10. a4 Nbd7 11. Bh2 Qc7 12. O-O Rac8 13. Bxa6 Bxa6 14.
Qxa6 c4 15. Qb5 Rfd8 16. Rfb1 h6 17. b3 Nd5 18. Rc1 cxb3 19. Qxb3 Nxc3 20. Kh1 Nf6 21. Ra3 Nce4 22. Rxc7 Rxc7 23. Ra1 Nxf2+ 24. Kg1 N6e4 25. Qxb6 Rdc8 26. Rf1 Rc1 27. a5 Nd1 28. Nxe4 Nxe3 29. Rxc1 Rxc1+ 30. Kf2 Nd5 31. Qb2 1-0

[Event "*** Titled Tuesday Blitz"]
[Site "Chess.com"]
[Date "2021.03.09"]
[Round "11"]
[White "TST2014"]
[Black "zverr1"]
[Result "1-0"]
[WhiteElo "2600"]
[BlackElo "2441"]
[TimeControl "180+1"]
[EndTime "12:09:18 PST"]
[Termination "TST2014 won by resignation"]

1. d4 Nf6 2. c4 g6 3. Nc3 Bg7 4. e4 d6 5. Nf3 O-O 6. Be2 e5 7. O-O Nc6 8. d5 Ne7 9. b4 Nh5 10. g3 f5 11. Ng5 Nf6 12. Bf3 Rb8 13. b5 b6 14. a4 h6 15. Ne6 Bxe6 16. dxe6 Qc8 17.
exf5 gxf5 18. Bd5 Qe8 19. a5 Ng4 20. h3 Nf6 21. axb6 axb6 22. Ra7 Rc8 23. Bb7 Rb8 24. Nd5 Nfxd5 25. Bxd5 Rc8 26. Kh2 Qg6 27. Bb2 Kh7 28. Qc2 h5 29. h4 e4 30. Bxg7 Qxg7 31. f3 Nxd5 32. cxd5 f4 33. Qxe4+ Kh8 34. Rg1 Qb2+ 35. Kh3 Qf2 36. Rg2 Qf1 37. Qd4+ Kh7 38. Qf2 fxg3 39.
Qxf1 Rf5 40. Qd3 1-0

[Event "*** Titled Tuesday Blitz"]
[Site "Chess.com"]
[Date "2021.03.09"]
[Round "11"]
[White "andriipalchuk"]
[Black "Blitzking642"]
[Result "1-0"]
[WhiteElo "2585"]
[BlackElo "2425"]
[TimeControl "180+1"]
[EndTime "12:09:19 PST"]
[Termination "andriipalchuk won by resignation"]

1. d4 Nf6 2. c4 c5 3. d5 b5 4.
cxb5 a6 5. bxa6 g6 6. Nc3 Bxa6 7. e4 Bxf1 8. Kxf1 d6 9. g3 Bg7 10. Kg2 O-O 11. Nf3 Qb6 12. a4 Na6 13. Nd2 Nc7 14.
Ra3 Rfb8 15. Qc2 Qa6 16. b3 e6 17. dxe6 Nxe6 18. Nb5 Ng4 19. Nc4 Nd4 20. Nxd4 Bxd4 21. Rf1 Qc6 22. f3 Ne5 23. Rd1 Nxc4 24. Qxc4 Rb4 25.
Qc2 Rab8 26. Bd2 R4b7 27. Bf4 Rb4 28. Bd2 R4b7 29. Bc3 Bxc3 30. Qxc3 Rb4 31. a5 c4 32.
Rc1 Qc5 33. a6 Rxb3 34. Rxb3 Rxb3 35. Qxb3 1-0

[Event "*** Titled Tuesday Blitz"]
[Site "Chess.com"]
[Date "2021.03.09"]
[Round "11"]
[White "urutodo"]
[Black "Deepweb2020"]
[Result "0-1"]
[WhiteElo "2322"]
[BlackElo "2474"]
[TimeControl "180+1"]
[EndTime "12:09:19 PST"]
[Termination "Deepweb2020 won by checkmate"]

1. e4 e5 2. Nf3 Nc6 3. Bc4 Bc5 4. c3 Nf6 5. d3 d6 6. b4 Bb6 7. a4 a5 8. b5 Ne7 9. O-O Ng6 10. Be3 Bxe3 11. fxe3 d5 12. exd5 Nxd5 13. Qe1 O-O 14. Na3 Nb6 15. d4 Nxa4 16. dxe5 Qe7 17. Nc2 Nb6 18.
Ba2 Nxe5 19. Ncd4 Bg4 20. Qg3 Nxf3+ 21. gxf3 Qxe3+ 22. Kh1 Bh5 23. Qxg7+ Kxg7 24. Nf5+ Kg8 25. Nxe3 Bg6 26. f4 Be4+ 27. Kg1 Kh8 28. Kf2 f5 29. Rg1 Na4 30. Rac1 Nc5 31. Rcf1 Rad8 32. Rg5 Rd2+ 33. Ke1 Rxa2 34. Rfg1 Nd3+ 35. Kd1 Bf3# 0-1

[Event "*** Titled Tuesday Blitz"]
[Site "Chess.com"]
[Date "2021.03.09"]
[Round "11"]
[White "FMalexhdez"]
[Black "Matols"]
[Result "0-1"]
[WhiteElo "2178"]
[BlackElo "2281"]
[TimeControl "180+1"]
[EndTime "12:09:19 PST"]
[Termination "Matols won by resignation"]

1. e4 e6 2. d4 d5 3. Nd2 c5 4.
Ngf3 cxd4 5. exd5 Qxd5 6. Bc4 Qd6 7. O-O Nf6 8. Re1 a6 9. Nb3 Nc6 10. Nbxd4 Nxd4 11. Nxd4 Qc7 12. Bd3 Bd7 13. c3 Bd6 14.
h3 O-O 15. Bg5 Bh2+ 16. Kh1 Be5 17. Nf3 Bf4 18. Bxf6 gxf6 19. Qe2 Bc6 20. Be4 Kh8 21. Rad1 Rg8 22. Nd4 Bxe4 23. Qxe4 Rg7 24. Ne2 Be5 25. f4 Bd6 26. Qd4 Be7 27. f5 Rag8 28.
g3 Qc6+ 29. Kh2 Qf3 30. Qf4 Rxg3 31. Qxf3 Rxf3 32. Rf1 Bd6+ 33. Rxd6 Rxf1 34. Ng3 Rf2+ 0-1

[Event "*** Titled Tuesday Blitz"]
[Site "Chess.com"]
[Date "2021.03.09"]
[Round "11"]
[White "CraiggoryC"]
[Black "SlavenPastar"]
[Result "0-1"]
[WhiteElo "2291"]
[BlackElo "2522"]
[TimeControl "180+1"]
[EndTime "12:09:21 PST"]
[Termination "SlavenPastar won on time"]

1. e4 b6 2. d4 Bb7 3. Bd3 Nf6 4. Nc3 e6 5. Nge2 d5 6. e5 Ne4 7. O-O Nxc3 8. bxc3 c5 9. Ng3 Nc6 10. Be3 g6 11.
Qd2 h5 12. Bg5 Be7 13. Bxe7 Qxe7 14. Bb5 Kf8 15. a4 Kg7 16. Bxc6 Bxc6 17. a5 h4 18. Ne2 h3 19. g3 Bb5 20. f3 Bxe2 21. Qxe2 bxa5 22.
Qb5 cxd4 23. cxd4 Qb4 24. Qxb4 axb4 25. Ra5 Rhc8 26. Rb1 Rxc2 27. Rxb4 Rc1+ 28. Kf2 Rac8 29. Rxa7 R1c2+ 30. Ke3 g5 31. Rb3 Rxh2 32. f4 Rg2 33.
Kf3 g4+ 34. Kxg4 h2 35. Rbb7 h1=Q 36. Rxf7+ Kg8 37. Rg7+ Kh8 0-1

[Event "*** Titled Tuesday Blitz"]
[Site "Chess.com"]
[Date "2021.03.09"]
[Round "11"]
[White "AurumO"]
[Black "manikoloz"]
[Result "1-0"]
[WhiteElo "2032"]
[BlackElo "2371"]
[TimeControl "180+1"]
[EndTime "12:09:21 PST"]
[Termination "AurumO won by checkmate"]

1. e4 c5 2. c3 Nf6 3. e5 Nd5 4. Nf3 Nc6 5. Bc4 e6 6. d4 cxd4 7. cxd4 Nb6 8. Bb3 d6 9. exd6 Bxd6 10. O-O O-O 11. Nc3 Nb4 12. Be3 N4d5 13. Qe2 Bd7 14.
Rac1 Re8 15. Rfd1 h6 16. Ne5 Nxe3 17. Qxe3 Rc8 18. Qf3 Bxe5 19. dxe5 Qc7 20. Qe2 Bc6 21. Qh5 Qe7 22. h4 Red8 23. Qg4 Rxd1+ 24. Rxd1 Rd8 25.
Rxd8+ Qxd8 26. Ne4 Bxe4 27. Qxe4 Qc7 28. Qe3 a6 29. g3 Nd7 30. f4 Nc5 31. Qc3 a5 32.
Bc2 b6 33. a3 Qd7 34. b4 axb4 35. axb4 Na6 36. b5 Nc7 37. Qd3 Qe7 38. Qh7+ Kf8 39.
Qh8# 1-0

[Event "*** Titled Tuesday Blitz"]
[Site "Chess.com"]
[Date "2021.03.09"]
[Round "11"]
[White "onnoelgersma"]
[Black "GelmanAlexander"]
[Result "0-1"]
[WhiteElo "2413"]
[BlackElo "2573"]
[TimeControl "180+1"]
[EndTime "12:09:22 PST"]
[Termination "GelmanAlexander won on time"]

1. e4 c5 2. Nf3 e6 3. g3 Nc6 4.
Bg2 Nf6 5. Qe2 d6 6. O-O Be7 7.
c3 O-O 8. d3 Rb8 9. a4 a6 10.
Nbd2 b5 11. d4 Qc7 12. dxc5 dxc5 13. e5 Nd7 14. Re1 Bb7 15. h4 Rfd8 16. h5 h6 17. Nf1 c4 18. axb5 axb5 19. N1h2 Nc5 20. Bf4 Nd3 21.
Red1 Bc5 22. Ng4 Ne7 23. b4 Bb6 24. Bxh6 gxh6 25. Nf6+ Kg7 26. Kh2 Nxf2 27. Nd4 Bxg2 28. Qxf2 Qxe5 29. Rf1 Bxf1 30. Rxf1 Rxd4 31. Ng4 Qxh5+ 0-1